 Dungeon Crawl Stone Soup version 0.28.0-45-g0d030f2227 (webtiles) character file.

Game seed: 5328389889660338331

10839 MisterFreud the Covert (level 11, -8/89 HPs)
             Began as a Gnoll Delver on May 27, 2022.
             Was an Initiate of Yredelemnul.
             Splashed by a brown ugly thing's acid (9 damage)
             ... on level 11 of the Dungeon.
             The game lasted 00:21:03 (15430 turns).

MisterFreud the Covert (Gnoll Delver)              Turns: 15430, Time: 00:21:04

Health: -8/89      AC:  8    Str: 17    XL:     11   Next: 68%
Magic:  20/20      EV: 13    Int: 14    God:    Yredelemnul [......]
Gold:   550        SH:  0    Dex: 14    Spells: 23/23 levels left

rFire   . . .      SeeInvis .   O - +10 trident "Vinwiong" {flame, rElec Will+}
rCold   + . .      Faith    +   (no shield)
rNeg    . . .      Spirit   .   q - +7 Kryia's mail coat {PotionHeal*2 rC+}
rPois   .          Reflect  .   j - +0 helmet
rElec   +          Harm     .   (no cloak)
rCorr   .          Rampage  .   (no gloves)
Will    +....                   (no boots)
Stlth   +++.......              P - amulet of faith
HPRegen 0.24/turn               N - +6 ring of strength
MPRegen 0.17/turn               (no ring)

@: corroded
A: fangs 1, strong nose, distributed training
a: Renounce Religion, Recall Undead Harvest


You were on level 11 of the Dungeon.
You worshipped Yredelemnul.
Yredelemnul was noncommittal.
You visited 2 branches of the dungeon, and saw 12 of its levels.

You collected 606 gold pieces.
You spent 56 gold pieces at shops.

Inventory:

Hand Weapons
 a - a +0 short sword
 l - a +2 dagger of venom
 t - the +5 war axe "Killer Bee's Death" {speed, rPois}
   (You found it on level 3 of the Dungeon)

   Attacks with this weapon are significantly faster.
   rPois:     It protects you from poison.
 O - the +10 trident "Vinwiong" (weapon) {flame, rElec Will+}
   (You found it on level 8 of the Dungeon)

   It burns those it strikes, dealing additional fire damage.
   rElec:     It insulates you from electricity.
   Will:      It increases your willpower.
Missiles
 r - 11 poisoned darts (quivered)
 x - 8 atropa-tipped darts
 G - 4 throwing nets
 I - 8 boomerangs
 L - 4 curare-tipped darts
 Q - 4 javelins
Armour
 b - a +1 leather armour
 j - a +0 helmet (worn)
 q - the +7 Kryia's mail coat (worn) {PotionHeal*2 rC+}
   (You acquired it on level 5 of the Dungeon)

   Potions are twice as effective at healing its wearer.
   rC:        It protects you from cold.
Jewellery
 N - a +6 ring of strength (left hand)
 P - an amulet of faith (around neck)
Wands
 g - a wand of digging (9)
 p - a wand of polymorph (16)
 C - a wand of iceblast (3)
 H - a wand of acid (7)
 J - a wand of flame (21)
Scrolls
 c - a scroll of fog
 d - a scroll of magic mapping
 e - 4 scrolls of fear
 s - 3 scrolls of blinking
 u - 3 scrolls of amnesia
 v - 2 scrolls of enchant weapon
 w - 2 scrolls of teleportation
 A - 3 scrolls of identify
 E - 3 scrolls of enchant armour
Potions
 f - 3 potions of haste
 h - 2 potions of might
 i - a potion of attraction
 k - 6 potions of curing
 m - 2 potions of cancellation
 n - a potion of heal wounds
 o - 4 potions of brilliance
 z - 4 potions of flight {unknown}
 D - a potion of degeneration {unknown}
 F - 2 potions of lignification {unknown}
Miscellaneous
 K - a phantom mirror


   Skills:
 + Level 9.3 Fighting
 + Level 8.0 Short Blades
 + Level 6.5 Long Blades
 + Level 6.5 Axes
 + Level 6.5 Maces & Flails
 + Level 6.5 Polearms
 + Level 6.5 Staves
 + Level 6.5 Slings
 + Level 6.5 Bows
 + Level 6.5 Crossbows
 + Level 6.5 Throwing
 + Level 6.5 Armour
 + Level 8.0 Dodging
 + Level 11.5 Stealth
 + Level 6.5 Shields
 + Level 6.5 Unarmed Combat
 + Level 6.5 Spellcasting
 + Level 5.4 Conjurations
 + Level 5.4 Hexes
 + Level 5.4 Summonings
 + Level 5.4 Necromancy
 + Level 5.4 Translocations
 + Level 5.4 Transmutations
 + Level 5.4 Fire Magic
 + Level 5.4 Ice Magic
 + Level 5.4 Air Magic
 + Level 5.4 Earth Magic
 + Level 5.4 Poison Magic
 + Level 7.1 Invocations
 + Level 6.5 Evocations


You had 23 spell levels left.
You didn't know any spells.
Your spell library contained the following spells:

 Spells                   Type           Power      Damage    Failure   Level
 Sandblast                Erth           38%        2d10      4%          1
 Ensorcelled Hibernation  Hex/Ice        38%        N/A       8%          2
 Passwall                 Tmut/Erth      15%        N/A       8%          2
 Dazzling Flash           Conj/Hex       38%        N/A       14%         3
 Inner Flame              Hex/Fire       19%        N/A       14%         3
 Spider Form              Tmut/Pois      19%        N/A       14%         3
 Stone Arrow              Conj/Erth      38%        3d9       14%         3
 Summon Guardian Golem    Hex/Summ       19%        N/A       14%         3
 Anguish                  Hex/Necr       9%         N/A       43%         4
 Cause Fear               Hex            9%         N/A       43%         4
 Agony                    Necr           19%        N/A       80%         5
 Silence                  Hex/Air        9%         N/A       80%         5
 Orb of Destruction       Conj           9%         9d6       100%        7
 Spellforged Servitor     Conj/Summ      9%         N/A       100%        7
 Discord                  Hex            9%         N/A       100%        8


Dungeon Overview and Level Annotations

Branches:
Dungeon (11/15)            Temple (1/1) D:5            Lair (0/6) D:9
    Orc (0/2) D:10

Altars:
Cheibriados
Gozag
Kikubaaqudgha
Sif Muna
Trog
Uskayaw
Vehumet
Wu Jian
Xom
Yredelemnul
Zin
The Shining One

Shops:
D:1 (   D:3 !   D:4 =   D:6 =

Annotations:
D:9 exclusion: statue


Innate Abilities, Weirdness & Mutations

You have very sharp teeth.
Your uncanny sense of smell can sniff out nearby items.
Your experience applies equally to all skills.


Message History

Sonja hits the brown ugly thing but does no damage. x2
Unknown command.
You hit the brown ugly thing. You burn the brown ugly thing.
The brown ugly thing is severely wounded.
The brown ugly thing tentacle-slaps you!
* * * LOW HITPOINT WARNING * * *
The acid corrodes you!
You are splashed with acid!
* * * LOW HITPOINT WARNING * * *
Sonja closely misses the brown ugly thing. x2
Sonja barely misses the brown ugly thing.
You barely miss the brown ugly thing.
The brown ugly thing is severely wounded.
Sonja closely misses the brown ugly thing. x2
Sonja completely misses the brown ugly thing.
The brown ugly thing closely misses you.
Sonja barely misses the brown ugly thing.
Sonja completely misses the brown ugly thing.
Sonja hits the brown ugly thing but does no damage.
You puncture the brown ugly thing! You burn the brown ugly thing.
You bite the brown ugly thing, but do no damage.
The brown ugly thing is almost dead.
The brown ugly thing closely misses you.
Sonja hits the brown ugly thing but does no damage. x2
Sonja hits the brown ugly thing.
Unknown command.
You hit the brown ugly thing. You burn the brown ugly thing.
You punch the brown ugly thing, but do no damage.
Your bite misses the brown ugly thing.
The brown ugly thing is almost dead.
The brown ugly thing barely misses you.
Sonja hits the brown ugly thing but does no damage. x2
Sonja misses the brown ugly thing.
You strike the helpless brown ugly thing from behind!
You puncture the brown ugly thing! You burn the brown ugly thing.
The brown ugly thing is almost dead.
The brown ugly thing tentacle-slaps you!
* * * LOW HITPOINT WARNING * * *
You are splashed with acid!
You die...
Your body rises from the dead as a mindless zombie.

'######.'......#####........#
.# ###......# ####'##### ##
#####'## #...# # #.# ###.# #
#.# #######'##### ###### #.#
#......^....# .....#
####+#####.##..#####.# .....#
..[....Z##...........#
.....#.. #.u@......###.####
<....... ####...####∆ ..
.....##. ##### #.# ###### ∆ #
∆ ∆


You could see a brown ugly thing (ally target) and the friendly Sonja the kobold
zombie.

Vanquished Creatures
  Harold (D:7)
  A hydra (D:11)
  Urug (D:10)
  Sonja (D:11)
  Pikel (D:8)
  A necromancer (D:10)
  Maggie (D:8)
  A komodo dragon (D:10)
  Grinder (D:5)
  A hornet (D:10)
  A meliai zombie (D:10)
  6 yaks
  Eustachio (D:4)
  4 steam dragons
  2 acid dragons (D:10)
  2 water moccasins
  2 orc warriors
  An ice beast (D:7)
  A black bear (D:4)
  A hornet zombie (D:8)
  3 ogres
  A necrophage (D:5)
  A wolf (D:9)
  7 centaurs
  2 bullfrogs
  A killer bee (D:9)
  A howler monkey (D:6)
  2 electric eels (D:9)
  3 wights (D:6)
  4 hounds
  A jelly (D:6)
  2 bullfrog skeletons
  A centaur skeleton (D:6)
  A gnoll shaman (D:10)
  8 orc priests
  2 iguanas
  8 orc wizards
  2 polar bear simulacra (D:10)
  4 yak simulacra (D:10)
  3 wolf simulacra (D:10)
  A hound zombie (D:5)
  Robin (D:2)
  A howler monkey zombie (D:3)
  9 gnolls
  5 adders
  2 shadow imps
  An ufetubus (D:7)
  2 adder skeletons
  A worm (D:2)
  2 dart slugs
  29 orcs
  8 ball pythons
  2 bats (D:1)
  10 endoplasms
  6 giant cockroaches
  16 goblins
  5 hobgoblins
  7 jackals
  10 kobolds
  4 quokkas
  A ball python zombie (D:3)
  5 frilled lizards
  A quokka skeleton (D:3)
  6 rats
  A river rat simulacrum (D:10)
224 creatures vanquished.

Vanquished Creatures (collateral kills)
  2 trolls
  A yak (D:9)
  Grum (D:9)
  5 wolves (D:9)
  A centaur (D:9)
  A kobold brigand (D:9)
  2 killer bees (D:9)
  A wight (D:6)
  2 electric eels (D:9)
  A hound (D:9)
  An orc priest (D:7)
  A gnoll (D:10)
  3 orcs
  4 kobolds (D:9)
  A river rat simulacrum (D:10)
27 creatures vanquished.

Vanquished Creatures (others)
  A bullfrog (D:7)
  2 yak zombies
  2 wolf zombies (D:9)
  2 centaur zombies
  An orc wizard (D:6)
  3 hound zombies (D:9)
  A spectral jelly (D:6)
  A steam dragon zombie (D:9)
  A shadow imp (D:7)
  An electric eel zombie (D:9)
  2 spectral shadow imps (D:7)
  An orc (D:6)
  A gnoll zombie (D:10)
  4 goblins (D:7)
  A kobold (D:9)
  3 kobold zombies (D:9)
  10 orc zombies
  A spectral ufetubus (D:7)
  A bush (D:5)
  3 fungi (D:5)
  2 plants (D:10)
  4 toadstools (D:1)
  2 withered plants (D:3)
50 creatures vanquished.

Grand Total: 301 creatures vanquished

Notes
Turn   | Place    | Note
-------+----------+-------------------------------------------
     0 | D:5      | Reached skill level 9 in Stealth
     0 | D:5      | MisterFreud the Gnoll Delver began the quest for the Orb.
     0 | D:5      | Reached XP level 1. HP: 23/23 MP: 1/1
     1 | D:6      | Found Suhysech's Jewellery Shop.
    53 | D:3      | Reached XP level 2. HP: 22/29 MP: 2/2
   283 | D:1      | Reached XP level 3. HP: 26/35 MP: 3/3
   476 | D:1      | Reached skill level 1 in Invocations
   766 | D:1      | Found a faded altar of an unknown god.
   850 | D:1      | Reached skill level 1 in Long Blades
   850 | D:1      | Reached skill level 1 in Axes
   850 | D:1      | Reached skill level 1 in Maces & Flails
   850 | D:1      | Reached skill level 1 in Polearms
   850 | D:1      | Reached skill level 1 in Staves
   850 | D:1      | Reached skill level 1 in Slings
   850 | D:1      | Reached skill level 1 in Bows
   850 | D:1      | Reached skill level 1 in Crossbows
   850 | D:1      | Reached skill level 1 in Throwing
   850 | D:1      | Reached skill level 1 in Armour
   850 | D:1      | Reached skill level 1 in Shields
   850 | D:1      | Reached skill level 1 in Unarmed Combat
   850 | D:1      | Reached skill level 1 in Spellcasting
   850 | D:1      | Reached skill level 1 in Evocations
   904 | D:1      | Found Daptak Xeu's Weapon Boutique.
   937 | D:1      | Reached XP level 4. HP: 32/41 MP: 5/5
  1485 | D:2      | Found a glowing golden altar of the Shining One.
  1722 | D:2      | Reached skill level 1 in Conjurations
  1722 | D:2      | Reached skill level 1 in Hexes
  1722 | D:2      | Reached skill level 1 in Summonings
  1722 | D:2      | Reached skill level 1 in Necromancy
  1722 | D:2      | Reached skill level 1 in Translocations
  1722 | D:2      | Reached skill level 1 in Transmutations
  1722 | D:2      | Reached skill level 1 in Fire Magic
  1722 | D:2      | Reached skill level 1 in Ice Magic
  1722 | D:2      | Reached skill level 1 in Air Magic
  1722 | D:2      | Reached skill level 1 in Earth Magic
  1722 | D:2      | Reached skill level 1 in Poison Magic
  2517 | D:3      | Noticed Robin
  2753 | D:2      | Reached XP level 5. HP: 29/47 MP: 6/6
  2763 | D:2      | Killed Robin
  3619 | D:3      | Found Daacwou's Distillery.
  3623 | D:3      | Bought a potion of might for 56 gold pieces
  4005 | D:3      | Identified the +5 war axe "Killer Bee's Death" {speed,
                  | rPois}
  4560 | D:4      | Noticed Eustachio
  4569 | D:4      | Killed Eustachio
  4570 | D:4      | Reached skill level 5 in Short Blades
  4570 | D:4      | Reached skill level 5 in Dodging
  4570 | D:4      | Reached XP level 6. HP: 43/53 MP: 7/9
  4686 | D:4      | Found Belu Ocu's Jewellery Boutique.
  4705 | D:4      | Reached XP level 7. HP: 34/59 MP: 10/10
  5310 | D:5      | Noticed Grinder
  5415 | D:4      | HP: 1/60 [black bear (5)]
  5772 | D:5      | Reached skill level 10 in Stealth
  6090 | D:5      | Identified a scroll of acquirement
  6090 | D:5      | Acquired the +7 Kryia's mail coat {PotionHeal*2 rC+}
  6090 | D:5      | Found the +7 Kryia's mail coat {PotionHeal*2 rC+}
  6149 | D:5      | Found a staircase to the Ecumenical Temple.
  6152 | D:5      | Paralysed by Grinder for 4 turns
  6179 | D:4      | Reached XP level 8. HP: 67/67 MP: 12/12
  6181 | D:5      | Paralysed by Grinder for 2 turns
  6196 | D:5      | Paralysed by Grinder for 2 turns
  6217 | D:5      | Killed Grinder
  6329 | Temple   | Entered the Ecumenical Temple
  6415 | Temple   | Became a worshipper of Yredelemnul the Dark
  7430 | D:6      | Reached XP level 9. HP: 72/72 MP: 14/14
  7897 | D:7      | Noticed Harold
  7959 | D:7      | Killed Harold
  8346 | D:7      | Reached * piety under Yredelemnul
  8761 | D:6      | Reached skill level 5 in Invocations
 10199 | D:8      | Noticed Maggie
 10232 | D:8      | Noticed Pikel
 10247 | D:8      | Reached XP level 10. HP: 27/80 MP: 17/17
 10273 | D:8      | Killed Pikel
 10274 | D:8      | Reached skill level 5 in Long Blades
 10274 | D:8      | Reached skill level 5 in Axes
 10274 | D:8      | Reached skill level 5 in Maces & Flails
 10274 | D:8      | Reached skill level 5 in Polearms
 10274 | D:8      | Reached skill level 5 in Staves
 10274 | D:8      | Reached skill level 5 in Slings
 10274 | D:8      | Reached skill level 5 in Bows
 10274 | D:8      | Reached skill level 5 in Crossbows
 10274 | D:8      | Reached skill level 5 in Throwing
 10274 | D:8      | Reached skill level 5 in Armour
 10274 | D:8      | Reached skill level 5 in Shields
 10274 | D:8      | Reached skill level 5 in Unarmed Combat
 10274 | D:8      | Reached skill level 5 in Spellcasting
 10274 | D:8      | Reached skill level 5 in Evocations
 10953 | D:9      | Reached skill level 11 in Stealth
 10958 | D:9      | Reached ** piety under Yredelemnul
 11396 | D:9      | Found a radiant altar of Vehumet.
 11441 | D:9      | Reached *** piety under Yredelemnul
 11453 | D:9      | Found a staircase to the Lair.
 11462 | D:9      | Reached **** piety under Yredelemnul
 11481 | D:9      | HP: 3/82 [wolf (8)]
 11863 | D:9      | Noticed Grum
 11878 | D:9      | Killed Grum
 11879 | D:9      | Reached ***** piety under Yredelemnul
 12469 | D:8      | Reached XP level 11. HP: 53/87 MP: 19/19
 12645 | D:8      | Killed Maggie
 12829 | D:8      | Identified the +10 trident "Vinwiong" {flame, rElec Will+}
 13150 | D:10     | Entered Level 10 of the Dungeon
 13272 | D:10     | Reached skill level 5 in Conjurations
 13272 | D:10     | Reached skill level 5 in Hexes
 13272 | D:10     | Reached skill level 5 in Summonings
 13272 | D:10     | Reached skill level 5 in Necromancy
 13272 | D:10     | Reached skill level 5 in Translocations
 13272 | D:10     | Reached skill level 5 in Transmutations
 13272 | D:10     | Reached skill level 5 in Fire Magic
 13272 | D:10     | Reached skill level 5 in Ice Magic
 13272 | D:10     | Reached skill level 5 in Air Magic
 13272 | D:10     | Reached skill level 5 in Earth Magic
 13272 | D:10     | Reached skill level 5 in Poison Magic
 13608 | D:10     | Found a staircase to the Orcish Mines.
 14098 | D:10     | Noticed Urug
 14113 | D:10     | Killed Urug
 14431 | D:10     | Noticed a necromancer
 14440 | D:10     | Killed a necromancer
 14791 | D:11     | Noticed a six-headed hydra
 14802 | D:11     | Killed a six-headed hydra
 15128 | D:11     | Noticed Sonja
 15139 | D:11     | Killed Sonja
 15417 | D:11     | Noticed a brown ugly thing
 15430 | D:11     | HP: 1/89 [brown ugly thing (8)]
 15430 | D:11     | Splashed by a brown ugly thing's acid

Illustrated notes

Levels and vault maps discovered:
D:1:      ldierk_water_garden, layout_basic, serial_shops,
          nicolae_shop_bloodbath_and_beyond,
          hellmonk_ecumenical_altar_crossroads, minivault_4
D:2:      layout_loops_cross, basic_altar, hangedman_glass_teeth
D:3:      layout_basic, serial_undead, serial_undead_b, serial_undead_e,
          serial_undead_d, serial_undead_b, serial_undead_c, serial_undead_f,
          serial_shops, nicolae_shop_hallway_stairs, uniq_robin
D:4:      layout_basic, serial_shops, shop, minivault_14, uniq_eustachio
D:5:      layout_rooms, minmay_temple_entry_large_hall, serial_aquarium,
          aquarium_bridge_straight [aquarium_subvault_bridge,
          aquarium_subvault_window, aquarium_subvault_bridge,
          aquarium_subvault_window], aquarium_window_corner,
          aquarium_window_fake, aquarium_view_2d, aquarium_view_2d,
          aquarium_pool_double, cheibrodos_sewer_entry_drain,
          kb_lookout_dungeons_type, uniq_grinder
D:6:      layout_basic, serial_shops, shop, grunt_ministairs_14
D:7:      layout_rooms, enter_bailey_5, uniq_harold
D:8:      layout_rooms, uniq_maggie, uniq_pikel
D:9:      layout_gridville, vehumet_statue, erik_lair_island, hex_large,
          kennysheep_dice, uniq_grum
D:10:     layout_loops_ring, orc_0_dummy, eino_house_with_fridge, uniq_urug
D:11:     layout_roguey, serial_shops, nicolae_shop_waterfront,
          minmay_pinched_square, uniq_sonja, uniq_nergalle
Temple:   mainiacjoe_temple_hex_bubbles

Skill      XL: |  1  2  3  4  5  6  7  8  9 10 11 |
---------------+----------------------------------+-----
Stealth        | 10 11 | 11.5
Invocations    | 1 2 3 4 5 6 7 |  7.1
Long Blades    | 1 2 3 4 5 6 |  6.5
Axes           | 1 2 3 4 5 6 |  6.5
Maces & Flails | 1 2 3 4 5 6 |  6.5
Polearms       | 1 2 3 4 5 6 |  6.5
Staves         | 1 2 3 4 5 6 |  6.5
Slings         | 1 2 3 4 5 6 |  6.5
Bows           | 1 2 3 4 5 6 |  6.5
Crossbows      | 1 2 3 4 5 6 |  6.5
Throwing       | 1 2 3 4 5 6 |  6.5
Armour         | 1 2 3 4 5 6 |  6.5
Shields        | 1 2 3 4 5 6 |  6.5
Unarmed Combat | 1 2 3 4 5 6 |  6.5
Spellcasting   | 1 2 3 4 5 6 |  6.5
Evocations     | 1 2 3 4 5 6 |  6.5
Conjurations   | 1 2 3 4 5 |  5.4
Hexes          | 1 2 3 4 5 |  5.4
Summonings     | 1 2 3 4 5 |  5.4
Necromancy     | 1 2 3 4 5 |  5.4
Translocations | 1 2 3 4 5 |  5.4
Transmutations | 1 2 3 4 5 |  5.4
Fire Magic     | 1 2 3 4 5 |  5.4
Ice Magic      | 1 2 3 4 5 |  5.4
Air Magic      | 1 2 3 4 5 |  5.4
Earth Magic    | 1 2 3 4 5 |  5.4
Poison Magic   | 1 2 3 4 5 |  5.4
Short Blades   | 5 6 7 8 |  8.0
Dodging        | 5 6 7 8 |  8.0
Fighting       | 7 8 9 |  9.3

Action                   |  1- 3 |  4- 6 |  7- 9 | 10-12 || total
-------------------------+-------+-------+-------+-------++-------
Melee: Short sword       |    94 |   176 |       |       ||   270
       Bite              |     7 |    17 |    88 |    52 ||   164
       Punch             |       |     3 |    17 |    15 ||    35
       Dagger            |       |    62 |   491 |   219 ||   772
       Unarmed           |       |       |     2 |       ||     2
       Trident           |       |       |       |   123 ||   123
Throw: Dart              |       |       |     7 |       ||     7
Invok: Recall Undead Har |       |       |     1 |     2 ||     3
       Dark Bargain      |       |       |       |     1 ||     1
Evoke: Wand              |       |       |     4 |     5 ||     9
  Use: Scroll            |       |     4 |     8 |     5 ||    17
       Potion            |       |       |       |     2 ||     2
 Stab: Sleeping          |     9 |    13 |     8 |     9 ||    39
       Distracted        |       |       |     3 |     3 ||     6
Armor: Leather armour    |    16 |    41 |    23 |       ||    80
       Scale mail        |       |       |   161 |   156 ||   317
       Skin              |       |       |     2 |       ||     2
Dodge: Dodged            |    67 |   146 |   231 |   206 ||   650
